 Dungeon Crawl Stone Soup version 0.19.1 (webtiles) character file.

21420 dobroeutro the Severer (level 12, -8/110 HPs)
             Began as a Minotaur Berserker on Nov 24, 2016.
             Was the Champion of Trog.
             Killed from afar by a deep elf knight (34 damage)
             ... with a stone arrow
             ... on level 13 of the Dungeon.
             The game lasted 00:22:40 (10001 turns).

dobroeutro the Severer (Minotaur Berserker)        Turns: 10001, Time: 00:22:41

Health: -8/110     AC: 15    Str: 24    XL:     12   Next: 54%
Magic:  11/11      EV: 17    Int:  4    God:    Trog [******]
Gold:   1016       SH: 10    Dex: 15    Spells: 0 memorised, 11 levels left

rFire  + + .     SeeInvis +     S - +4 broad axe (elec)
rCold  + . .     Gourm    .     f - +0 scale mail "Puiwasos" {*Slow +Fly rF++ rN+} (curse)
rNeg   + . .     Faith    +     a - +0 shield
rPois  +         Spirit   .     (helmet unavailable)
rElec  .         Reflect  .     O - +2 cloak
rCorr  .         Harm     .     y - +0 pair of gloves
MR     .....     Clarity  +     z - +0 pair of boots
Stlth  ..........               r - amulet of faith
                                K - ring of see invisible
                                F - ring of poison resistance

@: exhausted, slowed, very slow
A: retaliatory headbutt, horns 3, repulsion field 1, agile 1, clarity, cold
resistance 1
a: Berserk, Trog's Hand, Brothers in Arms, Burn Spellbooks, Renounce Religion,
Evoke Flight


You were on level 13 of the Dungeon.
You worshipped Trog.
Trog was exalted by your worship.
You were hungry.

You visited 2 branches of the dungeon, and saw 14 of its levels.
You also visited: Bailey.

You collected 1016 gold pieces.

Inventory:

Hand Weapons
 Q - the +7 whip of Red Wine {flame, +Blink rPois}
   (You found it on level 10 of the Dungeon)

   It has been specially enchanted to burn those struck by it, causing extra
   injury to most foes and up to half again as much damage against particularly
   susceptible opponents.
   It protects you from poison.
   It lets you blink.
 S - a +4 broad axe of electrocution (weapon)
Armour
 a - a +0 shield (worn)
 f - the cursed +0 scale mail "Puiwasos" (worn) {*Slow +Fly rF++ rN+}
   (You found it on level 13 of the Dungeon)

   It greatly protects you from fire.
   It protects you from negative energy.
   It lets you fly.
   It may slow you when you take damage.
   It has a curse placed upon it.
 u - a +0 crystal plate armour
 y - a +0 pair of gloves (worn)
 z - a +0 pair of boots (worn)
 H - a +2 large shield
 I - the +4 ring mail "Veink" {Dex+3}
   (You found it on level 10 of the Dungeon)

   It affects your dexterity (+3).
 O - a +2 cloak (worn)
Jewellery
 r - an amulet of faith (around neck)
 F - a ring of poison resistance (left hand)
 K - a ring of see invisible (right hand)
Wands
 d - a wand of paralysis (23/24)
 q - a wand of disintegration (14/24)
 J - a wand of digging (11/24)
 P - a wand of enslavement (13/24)
 R - a wand of enslavement (6/24)
 T - a wand of enslavement (17/24)
Scrolls
 e - 7 scrolls of identify
 h - 13 scrolls of remove curse
 j - 2 scrolls of fog
 s - 3 scrolls of teleportation
 t - a scroll of enchant weapon
 B - 2 scrolls of enchant armour
 G - 2 scrolls of recharging
 N - a scroll of silence
Potions
 b - a potion of heal wounds
 g - 5 potions of curing
 i - a potion of resistance {unknown}
 k - 2 potions of berserk rage {unknown}
 n - 5 potions of flight {unknown}
 p - 2 potions of might {unknown}
 v - a potion of brilliance {unknown}
 x - a potion of agility {unknown}
 A - a potion of magic {unknown}
 C - a potion of beneficial mutation {unknown}
 E - 2 potions of cancellation {unknown}
 M - a potion of haste
 X - 2 potions of lignification {unknown}
 Y - a potion of cure mutation {unknown}
Comestibles
 c - 14 bread rations
 l - 3 meat rations
 m - 6 chunks of flesh
 o - 3 fruits
 w - 5 beef jerkies
 D - 8 slices of pizza


   Skills:
 + Level 11.1 Fighting
 * Level 15.7 Axes
 + Level 11.0 Armour
 + Level 10.3 Dodging
 + Level 4.7 Shields


You had 11 spell levels left.
You didn't know any spells.

Dungeon Overview and Level Annotations

Branches:
Dungeon (13/15)            Temple (1/1) D:4            Lair (0/6) D:9
    Orc (0/2) D:12
 Vaults: D:13-14

Altars:
Elyvilon
Fedhas
Okawaru
Trog
Uskayaw
Zin

Shops:
D:7 }


Innate Abilities, Weirdness & Mutations

You reflexively headbutt those who attack you in melee.
You have a pair of large horns on your head.
You are surrounded by a mild repulsion field. (EV +2)
You are agile. (Dex +2)
You possess an exceptional clarity of mind.
Your flesh is cold resistant. (rC+)


Message History

The deep elf knight is moderately wounded.
The orc warrior shoots a bolt.
You block the bolt.
The deep elf knight casts a spell.
The deep elf knight seems to speed up.
Items here: % ) [ ÷ a spear; a robe; 4 chunks of flesh; an ogre skeleton You feel a strong urge to attack something.
You are no longer berserk.
You are exhausted.
You feel yourself slow down.
The deep elf knight gestures wildly while chanting.
Evoke which item? (* to show all) (? for menu, Esc to quit)
Zapping:
P - a wand of enslavement {zapped: 3} (will waste charges)
Press: ? - help, Shift-Dir - straight line, f - orc warrior
Aim: an orc warrior, wielding an arbalest and wearing a ring mail (chance to defeat MR: 46%)
The orc warrior is charmed.
Evoking this partially-identified wand wasted a few charges.
The deep elf knight points at you and mumbles some strange words.
The stone arrow hits you!
You die...

#≈≈.##... .... #$
#≈≈≈..... .##. #...
..≈≈≈≈..#.# ## #...
p≈≈≈≈..#'##### #...
#≈≈≈≈...(..... #..o
#≈≈≈≈.........
#...#####≈≈≈......####
#.[.....'.........#
+...#@.().........##
#...(...)..(((.....#
#..e#####≈≈≈..((...#
#... #≈≈≈≈......# #...
#≈≈≈≈......# #...
.p≈≈≈≈......# #...
...≈≈≈≈..###.# #[..
...#≈≈≈.#.# #.# ####
####≈≈.##.# #.#


You could see a deep elf knight and a friendly orc warrior.

Vanquished Creatures
  The ghost of Azzok the Warrior, a journeyman MiFi of Okawaru (D:11)
  Josephine (D:12)
  2 hydras
  An ogre mage (D:13)
  Urug (D:12)
  A hill giant (D:13)
  An orc knight (D:13)
  2 ugly things (D:12)
  A manticore (D:12)
  Maurice (D:12)
  A centaur zombie (D:12)
  A gargoyle (D:9)
  2 centaur skeletons
  The ghost of nht the Cleaver, a novice MiCK of Xom (D:5)
  A kobold demonologist (D:12)
  A yaktaur (D:13)
  A tengu conjurer (D:13)
  2 trolls
  Prince Ribbit (D:6)
  Grinder (D:5)
  3 two-headed ogres
  5 hippogriffs
  A wyvern (D:9)
  4 wraiths
  7 yaks
  A human (D:7)
  2 hungry ghosts
  3 hogs (D:7)
  A mottled dragon (D:12)
  2 soldier ants (D:11)
  A water moccasin (D:7)
  Duvessa (D:7)
  2 ice beasts
  6 orc warriors
  6 sky beasts
  2 black bears
  3 phantoms
  8 centaurs
  4 crocodiles (D:9)
  8 ogres
  A big kobold (D:12)
  2 bullfrogs
  10 gnoll sergeants
  2 wyvern skeletons
  2 scorpions
  Dowan (D:7)
  8 killer bees (D:10)
  8 wights
  2 howler monkeys (D:12)
  4 crimson imps
  4 bullfrog zombies
  2 bullfrog skeletons
  5 jellies
  3 orc priests
  Crazy Yiuf (D:2)
  6 gnoll shamans (Bailey)
  5 hounds
  3 iguanas
  11 orc wizards
  9 worker ants
  Natasha (thrice) (D:2 D:3)
  A killer bee zombie (D:9)
  2 hound zombies
  A hound skeleton (D:7)
  A worker ant zombie (D:7)
  10 adders
  34 gnolls
  2 river rats (D:9)
  4 shadow imps
  An adder zombie (D:6)
  2 worms
  2 leopard geckos
  33 orcs
  11 bats
  8 giant cockroaches
  4 hobgoblins
  13 jackals
  6 quokkas
  2 frilled lizards
  10 goblins
  A jackal skeleton (D:9)
  A jackal zombie (D:5)
  14 kobolds
  A quokka skeleton (D:5)
  15 rats
  A plant (D:9)
366 creatures vanquished.

Vanquished Creatures (others)
  14 fungi (D:9)
  A plant (D:4)
15 creatures vanquished.

Grand Total: 381 creatures vanquished

Notes
Turn   | Place    | Note
-------+----------+-------------------------------------------
     0 | D:1      | dobroeutro the Minotaur Berserker began the quest for the Orb.
     0 | D:1      | Reached XP level 1. HP: 19/19 MP: 0/0
    28 | D:1      | Reached skill level 4 in Axes
   128 | D:1      | Reached XP level 2. HP: 25/26 MP: 1/1
   461 | D:1      | Reached skill level 5 in Axes
   561 | D:1      | Reached XP level 3. HP: 31/31 MP: 2/2
   940 | D:2      | Noticed Natasha
   953 | D:2      | Killed Natasha
  1076 | D:2      | Found a hide-covered altar of Uskayaw.
  1115 | D:2      | Noticed Natasha
  1121 | D:2      | Killed Natasha
  1121 | D:2      | Reached ** piety under Trog
  1121 | D:2      | Reached skill level 6 in Axes
  1121 | D:2      | Reached XP level 4. HP: 24/39 MP: 3/3
  1155 | D:2      | Noticed Natasha
  1598 | D:2      | Found a runed door.
  1898 | D:2      | Noticed Crazy Yiuf
  1901 | D:2      | Killed Crazy Yiuf
  1995 | D:3      | Reached XP level 5. HP: 45/45 MP: 4/4
  2036 | D:3      | Killed Natasha
  2036 | D:3      | Reached skill level 7 in Axes
  2555 | D:4      | Noticed an ogre
  2560 | D:4      | Killed an ogre
  2560 | D:4      | Reached skill level 8 in Axes
  2582 | D:4      | Reached XP level 6. HP: 49/51 MP: 5/5
  2621 | D:4      | Found a staircase to the Ecumenical Temple.
  3178 | Temple   | Entered the Ecumenical Temple
  3233 | D:5      | Entered Level 5 of the Dungeon
  3254 | D:5      | Reached skill level 9 in Axes
  3260 | D:5      | Reached XP level 7. HP: 38/57 MP: 6/6
  3261 | D:5      | Reached skill level 10 in Axes
  3326 | D:5      | Reached *** piety under Trog
  3677 | D:5      | Noticed nht's ghost (novice MiCK)
  3683 | D:5      | Killed nht's ghost
  3683 | D:5      | Reached skill level 11 in Axes
  3683 | D:5      | Reached XP level 8. HP: 64/64 MP: 7/7
  3877 | D:5      | Got a polished ring mail
  3888 | D:5      | Identified the +5 ring mail of True Grit {+Blink MR- Int+6} (You found it on level 5 of the Dungeon)
  3933 | D:5      | Noticed Grinder
  3940 | D:5      | Paralysed by Grinder for 6 turns
  3949 | D:5      | Killed Grinder
  3954 | D:5      | Found a bloodstained altar of Trog.
  4012 | D:5      | Gained mutation: You have large cloven feet. [potion of mutation]
  4012 | D:5      | Gained mutation: You have a pair of large horns on your head. [potion of mutation]
  4012 | D:5      | Lost mutation: You have large cloven feet. [potion of mutation]
  4013 | D:5      | Gained mutation: You are weak. (Str -2) [potion of mutation]
  4013 | D:5      | Gained mutation: Your spells are a little harder to cast, but a little more powerful. [potion of mutation]
  4013 | D:5      | Lost mutation: Your spells are a little harder to cast, but a little more powerful. [potion of mutation]
  4014 | D:5      | Gained mutation: You are surrounded by a mild repulsion field. (EV +2) [potion of mutation]
  4014 | D:5      | Gained mutation: You possess an exceptional clarity of mind. [potion of mutation]
  4014 | D:5      | Lost mutation: You are weak. (Str -2) [potion of mutation]
  4015 | D:5      | Gained mutation: You are partially covered in large bone plates. (SH +4) [potion of mutation]
  4015 | D:5      | Lost mutation: You are partially covered in large bone plates. (SH +4) [potion of mutation]
  4062 | D:6      | Noticed Prince Ribbit
  4065 | D:6      | Killed Prince Ribbit
  4065 | D:6      | Reached skill level 5 in Fighting
  4166 | D:6      | Reached skill level 12 in Axes
  4265 | D:6      | Reached **** piety under Trog
  4437 | D:6      | Reached skill level 5 in Armour
  4437 | D:6      | Reached XP level 9. HP: 58/74 MP: 8/8
  4442 | D:6      | Gained mutation: You are agile. (Dex +2) [mutagenic meat]
  4443 | D:6      | Gained mutation: Your flesh is cold resistant. (rC+) [mutagenic meat]
  4568 | D:6      | Found a white marble altar of Elyvilon.
  4669 | D:7      | Reached skill level 5 in Dodging
  4901 | D:7      | Found Natsais's Gadget Boutique.
  5082 | D:7      | Noticed Dowan
  5082 | D:7      | Noticed Duvessa
  5091 | D:7      | Killed Dowan
  5094 | D:7      | Killed Duvessa
  5179 | D:7      | Reached ***** piety under Trog
  5263 | D:8      | Reached skill level 13 in Axes
  5263 | D:8      | Reached XP level 10. HP: 81/86 MP: 9/9
  5286 | D:8      | Found a blossoming altar of Fedhas.
  5820 | D:8      | Found a flagged portal.
  5842 | Bailey   | Entered a bailey
  6021 | Bailey   | Reached ****** piety under Trog
  6917 | D:9      | Received a gift from Trog
  7294 | D:8      | Found a glowing silver altar of Zin.
  7455 | D:9      | Found a staircase to the Lair.
  7477 | D:10     | Entered Level 10 of the Dungeon
  7477 | D:10     | Found an iron altar of Okawaru.
  7481 | D:10     | Noticed a gargoyle
  7499 | D:9      | Killed a gargoyle
  7499 | D:9      | Reached XP level 11. HP: 17/97 MP: 10/10
  7862 | D:10     | Got a bone whip
  7863 | D:10     | Identified the +7 whip of Red Wine {flame, +Blink rPois} (You found it on level 10 of the Dungeon)
  7902 | D:10     | Reached skill level 14 in Axes
  8145 | D:10     | Received a gift from Trog
  8161 | D:10     | Got a fine ring mail
  8172 | D:10     | Identified the +4 ring mail "Veink" {Dex+3} (You found it on level 10 of the Dungeon)
  8325 | D:10     | Noticed a six-headed hydra
  8330 | D:10     | Killed a seven-headed hydra
  8566 | D:11     | Reached skill level 10 in Fighting
  8915 | D:11     | Noticed Azzok's ghost (journeyman MiFi)
  8935 | D:11     | Killed Azzok's ghost
  8935 | D:11     | Reached skill level 1 in Shields
  9088 | D:11     | Reached skill level 10 in Armour
  9171 | D:12     | Noticed Urug
  9189 | D:12     | Killed Urug
  9255 | D:12     | Noticed an eight-headed hydra
  9260 | D:12     | Killed a ten-headed hydra
  9260 | D:12     | Reached skill level 15 in Axes
  9265 | D:12     | Found a staircase to the Orcish Mines.
  9278 | D:12     | Noticed a green ugly thing
  9287 | D:12     | Killed a green ugly thing
  9287 | D:12     | Reached XP level 12. HP: 84/107 MP: 11/11
  9352 | D:12     | Noticed Maurice
  9361 | D:12     | Killed Maurice
  9431 | D:12     | Noticed Josephine
  9443 | D:12     | Killed Josephine
  9449 | D:12     | Reached skill level 10 in Dodging
  9451 | D:12     | Received a gift from Trog
  9702 | D:13     | Got a dazzling scale mail
  9704 | D:13     | Noticed a vault guard
  9727 | D:13     | Identified the cursed +0 scale mail "Puiwasos" {*Slow +Fly rF++ rN+} (You found it on level 13 of the Dungeon)
  9977 | D:13     | Noticed a vault guard
  9988 | D:13     | Noticed an ogre mage
  9994 | D:13     | Killed an ogre mage
 10001 | D:13     | Killed from afar by a deep elf knight

Skill      XL: |  1  2  3  4  5  6  7  8  9 10 11 12 |
---------------+-------------------------------------+-----
Axes           | 4 5 6 8 9 11 12 13 15 | 15.7
Fighting       | 5 7 9 10 11 | 11.1
Armour         | 5 7 9 10 11 | 11.0
Dodging        | 4 6 8 9 10 | 10.3
Shields        | 3 4 |  4.7

Action                   |  1- 3 |  4- 6 |  7- 9 | 10-12 || total
-------------------------+-------+-------+-------+-------++-------
Melee: Hand axe          |    63 |   111 |    57 |       ||   231
       Headbutt          |     9 |    20 |    52 |   119 ||   200
       War axe           |       |       |   159 |   266 ||   425
       Whip              |       |       |       |   100 ||   100
       Broad axe         |       |       |       |   152 ||   152
Invok: Berserk           |       |     4 |     6 |     8 ||    18
       Burn Spellbooks   |       |       |       |     2 ||     2
Evoke: Wand              |       |       |       |     1 ||     1
  Use: Scroll            |       |       |    14 |    13 ||    27
       Potion            |       |       |     4 |     1 ||     5
 Stab: Sleeping          |     1 |       |       |       ||     1
  Eat: Chunk             |       |    10 |    16 |    25 ||    51
Armor: Animal skin       |     9 |       |       |       ||     9
       Scale mail        |       |    26 |    54 |   113 ||   193
       Ring mail         |       |       |    11 |    41 ||    52
       Crystal plate arm |       |       |       |    55 ||    55
Dodge: Dodged            |    38 |    38 |   122 |   416 ||   614
Block: Shield            |       |       |       |    73 ||    73
